 Dungeon Crawl Stone Soup version 0.32-a0-876-gcfddb08e57 (webtiles) character file.

Game seed: 14571616434313862866

706 spaghetti the Fighter (level 7, -3/8 HPs)
             Began as an Oni Berserker on Mar 31, 2024.
             Was a Priest of Trog.
             Shot with an arrow by a centaur (11 damage)
             ... on level 5 of the Dungeon.
             The game lasted 00:04:14 (3934 turns).

spaghetti the Fighter (Oni Berserker)               Turns: 3934, Time: 00:04:15

Health: -3/8       AC:  1    Str: 22    XL:     7   Next: 67%
Magic:  7/7        EV: 14    Int:  8    God:    Trog [***...]
Gold:   251        SH:  0    Dex: 10    Spells: 6/6 levels left

rFire   . . .        n - +4 mace (flame)
rCold   . . .        (no shield)
rNeg    . . .        a - melded +0 animal skin
rPois   .            (helmet restricted)
rElec   .            (no cloak)
rCorr   .            (gloves unavailable)
SInv    .            (boots unavailable)
Will    .....        (no amulet)
Stlth   +            d - +5 ring of evasion
HPRegen 0.21/turn    (no ring)
MPRegen 0.10/turn

%: no passive effects
@: maw-form
A: devouring maw, reduced hp, large, unfitting armour, horns 1, tough skin 1,
double potion healing, drunken brawling
a: Begin Untransformation, Renounce Religion, Berserk, Trog's Hand


You were on level 5 of the Dungeon.
You worshipped Trog.
Trog was most pleased with you.
You were a creature with a mouth for a stomach.
You visited 1 branch of the dungeon, and saw 5 of its levels.

You collected 251 gold pieces.

Inventory:

Hand Weapons
 n - a +4 mace of flaming (weapon)
Armour
 a - a +0 animal skin (melded)
Jewellery
 d - a +5 ring of evasion (left hand)
 r - an amulet of magic regeneration
Talismans
 j - a beast talisman
 s - a maw talisman (active)
Wands
 i - a wand of flame (27)
 m - a wand of mindburst (14)
Scrolls
 e - 2 scrolls of immolation
 f - 2 scrolls of silence
 g - a scroll of poison
 h - a scroll of teleportation
 k - 2 scrolls of noise
 p - a scroll of amnesia {unknown}
Potions
 b - 2 potions of curing
 c - 2 potions of magic
 l - a potion of ambrosia {unknown}
 o - a potion of heal wounds {unknown}
 q - a potion of cancellation {unknown}


   Skills:
 + Level 8.4 Fighting
 - Level 2.6 Dodging
 - Level 3.7 Unarmed Combat
 + Level 4.0 Evocations
 + Level 0.0 Shapeshifting


You had 6 spell levels left.
You didn't know any spells.
Your spell library was empty.

Dungeon Overview and Level Annotations

Branches:
Dungeon (5/15)
 Temple: D:4-7

Altars:
Ashenzari
Okawaru
Trog
Yredelemnul
The Shining One
Jiyva

Annotations:
D:1 2 runed translucent doors


Innate Abilities, Weirdness & Mutations

You are a creature with a mouth for a stomach.
Your midsection houses a second, enormous mouth.
Your maximum health is decreased, since you lack skill for your form.
You are too large for most types of armour.
You have a pair of small horns on your head.
You have tough skin. (AC +1)
You gain doubled healing and magic from potions.
Whenever you drink a healing potion, you attack all around you.


Message History

There is an empty arch of ancient stone here.
Found a broken altar of Ashenzari.
There is an empty arch of ancient stone here.
There is an empty arch of ancient stone here.
e - 2 scrolls of immolation (gained 1)
You now have 242 gold pieces (gained 11).
Found a maw talisman.
Found an escape hatch in the floor.
Found a ring mail.
No target in view!
No target in view!
No target in view!
No target in view!
No target in view!
No target in view!
No target in view!
No target in view!
No target in view!
No target in view!
Found an escape hatch in the ceiling.
Found 9 gold pieces.
You see here a maw talisman.
There are no items here.
You see here a maw talisman.
s - a maw talisman
Okay, then.
You begin transforming.
You continue transforming. x3
Your transformation has ended.
You turn into a creature with a mouth for a stomach.
Your +0 animal skin melds into your body.
Setting a skill training target for Shapeshifting at 10.0.
Unknown command.
You now have 251 gold pieces (gained 9).
A centaur and an orc wizard come into view.
Found a scroll of fog.
The centaur shouts!
The orc wizard shouts!
You hear a shout!
An orc comes into view. It is wielding a +0 flail.
The centaur wields a +0 shortbow.
The centaur shoots an arrow.
The arrow hits you!
Ouch! That really hurt!
You die...

#...........###
#####...>.....######
#.#######.......
#####.# #.######
#.....# #.#####.
#####.# #....... #.#
#.#.###. #####.#
#.#.#
#..W..#######...#
.o....###.........###
.c..# ####..##### ?..
#..# o #..#######
#......... ######
#.######.# .#.#..##
#.# .#.#.#.#########
#.#


You could see a centaur, an orc wizard and an orc (wandering).

Vanquished Creatures
  2 black bears (D:4)
  A phantom (D:4)
  2 scorpions
  A bombardier beetle (D:5)
  2 hounds (D:4)
  2 orc priests
  An iguana (D:4)
  Robin (D:4)
  3 adders
  A shadow imp (D:4)
  3 dart slugs
  2 ribbon worms
  10 orcs
  7 endoplasms
  5 giant cockroaches
  13 goblins
  7 hobgoblins
  3 jackals (D:2)
  8 ball pythons
  6 bats
  5 frilled lizards
  9 kobolds
  8 rats
102 creatures vanquished.

Notes
Turn   | Place    | Note
-------+----------+-------------------------------------------
     0 | D:1      | spaghetti the Oni Berserker began the quest for the Orb.
     0 | D:1      | Reached XP level 1. HP: 24/24 MP: 1/1
    30 | D:1      | Found a large runed translucent door.
    30 | D:1      | Found a large runed translucent door.
    31 | D:1      | Noticed a jelly
    94 | D:1      | Found a viscous altar of Jiyva.
    95 | D:1      | Noticed a jelly
    96 | D:1      | Noticed a jelly
    96 | D:1      | Noticed a jelly
    96 | D:1      | Noticed a jelly
    98 | D:1      | Noticed a jelly
   278 | D:1      | Reached XP level 2. HP: 33/33 MP: 2/2
   731 | D:1      | Reached XP level 3. HP: 40/40 MP: 3/3
  1363 | D:2      | Reached ** piety under Trog
  1456 | D:2      | Reached skill level 5 in Fighting
  1940 | D:3      | Reached XP level 4. HP: 40/50 MP: 4/4
  2106 | D:3      | Reached skill level 1 in Evocations
  2352 | D:4      | Reached XP level 5. HP: 27/59 MP: 5/5
  2512 | D:4      | Found a bloodstained altar of Trog.
  2515 | D:4      | Noticed a black bear
  2525 | D:4      | Killed a black bear
  2526 | D:4      | Reached skill level 6 in Fighting
  2526 | D:4      | Reached XP level 6. HP: 68/68 MP: 6/6
  2574 | D:4      | Noticed Robin
  2589 | D:4      | Killed Robin
  2713 | D:4      | Found a glowing golden altar of the Shining One.
  2770 | D:4      | Reached skill level 7 in Fighting
  2878 | D:4      | Noticed a black bear
  2886 | D:4      | Killed a black bear
  2887 | D:4      | Reached XP level 7. HP: 48/79 MP: 7/7
  3031 | D:4      | Reached *** piety under Trog
  3063 | D:4      | Reached skill level 8 in Fighting
  3400 | D:4      | Found a basalt altar of Yredelemnul.
  3678 | D:5      | Entered Level 5 of the Dungeon
  3853 | D:5      | Found an iron altar of Okawaru.
  3864 | D:5      | Found a broken altar of Ashenzari.
  3934 | D:5      | Shot with an arrow by a centaur

Illustrated notes

Levels and vault maps discovered:
D:1:      erik_arrival_cave_to_civilisation [erik_arrival_cave_to_temple],
          layout_basic
D:2:      layout_rooms
D:3:      layout_rooms
D:4:      layout_loops_ring, overflow_temple_1_default,
          mainiacjoe_overflow_catwalk, mainiacjoe_overflow_paths,
          enter_ossuary_1, portal_sewer_entry_e, uniq_robin
D:5:      minmay_opposing_rooms, layout_loops_ring,
          nicolae_hepliaklqana_hippocampus, amethyst_overflow_temple_binary

Skill      XL: |  1  2  3  4  5  6  7 |
---------------+----------------------+-----
Unarmed Combat | 3 |  3.7
Fighting       | 5 6 7 8 |  8.4
Evocations     | 1 2 3 4 |  4.0
Dodging        | |  2.6

Action                     |  1- 3 |  4- 6 |  7- 9 || total
---------------------------+-------+-------+-------++-------
  Melee: Unarmed           |   115 |     9 |       ||   124
         Headbutt          |    18 |    14 |    13 ||    45
         Mace              |       |    92 |    58 ||   150
 Invoke: Berserk           |     2 |     3 |     1 ||     6
    Use: Scroll            |     1 |     7 |     1 ||     9
         Potion            |     3 |     3 |       ||     6
 Armour: Animal skin       |    82 |    79 |    38 ||   199
         Skin              |       |       |     1 ||     1
  Dodge: Dodged            |    67 |   106 |    44 ||   217
   Form: Beast             |     1 |       |       ||     1
         Maw               |       |       |     1 ||     1

Table legend: (Time is in decaauts)
 A = Elapsed time spent in this place.
 B = Non-inter-level travel time spent in this place.
 C = Inter-level travel time spent in this place.
 D = Time resting spent in this place.
 E = Time spent auto-exploring this place.
 F = Levels seen in this place.
 G = Mean time per level.
                   A        B        C        D        E       F      G
               +--------+--------+--------+--------+--------+-----+--------+
         Total |   4015 |   3849 |    166 |    154 |   3052 |   5 |  803.0 |
       Dungeon |   4015 |   3849 |    166 |    154 |   3052 |   5 |  803.0 |
               +--------+--------+--------+--------+--------+-----+--------+

Top non-repeatable levels by time:
     D:4: 1441 daAuts
     D:1: 1336 daAuts
     D:2: 558 daAuts
     D:3: 417 daAuts
     D:5: 261 daAuts
